 Dungeon Crawl Stone Soup version 0.30.1-11-g7821555f0a (webtiles) character file.

Game seed: 6081179081376789181

25 lonewolfV2 the Shield-Bearer (level 3, -2/30 HPs)
             Began as a Formicid Fighter on Nov 15, 2023.
             Slain by a gnoll
             ... wielding a +0 spear
              (4 damage)
             ... on level 2 of the Dungeon.
             The game lasted 00:01:51 (1123 turns).

lonewolfV2 the Shield-Bearer (Formicid Fighter)     Turns: 1123, Time: 00:01:52

Health: -2/30      AC:  7    Str: 22    XL:     3   Next: 20%
Magic:  3/3        EV:  9    Int:  7    God:
Gold:   52         SH:  0    Dex: 13    Spells: 2/2 levels left

rFire   . . .        a - +1 war axe
rCold   . . .        c - +1 buckler
rNeg    . . .        b - +0 scale mail
rPois   .            (helmet unavailable)
rElec   .            (no cloak)
rCorr   .            (no gloves)
SInv    +            (no boots)
Will    .....        (no amulet) Stlth
                     (no ring)
HPRegen 0.25/turn    (no ring)
MPRegen 0.08/turn

%: no passive effects
@: confused, mighty, ambrosia-drunk
A: permanent stasis, dig shafts and tunnels, antennae 3, four strong arms
a: Dig, Shaft Self


You were on level 2 of the Dungeon.
You visited 1 branch of the dungeon, and saw 2 of its levels.

You collected 52 gold pieces.

Inventory:

Hand Weapons
 a - a +1 war axe (weapon)
Armour
 b - a +0 scale mail (worn)
 c - a +1 buckler (worn)
Jewellery
 m - a +5 ring of evasion
Potions
 f - a potion of mutation {unknown}
 g - a potion of invisibility {unknown}
 h - a potion of haste


   Skills:
 + Level 4.0 Fighting
 - Level 2.0 Axes
 + Level 4.0 Armour
 - Level 4.0 Shields


You had 2 spell levels left.
You didn't know any spells.
Your spell library contained the following spells:

 Spells                   Type           Power      Damage    Failure   Level
 Apportation              Tloc           0%         N/A       82%         1
 Leda's Liquefaction      Hex/Erth       0%         N/A       100%        4
 Alistair's Intoxication  Tmut/Pois      0%         N/A       100%        5
 Lee's Rapid Deconstruct  Erth           0%         3d4*      100%        5
 Statue Form              Tmut/Erth      0%         N/A       100%        6


Dungeon Overview and Level Annotations

Branches:
Dungeon (2/15)

Altars:


Innate Abilities, Weirdness & Mutations

You cannot be hasted, slowed, berserked, paralysed or teleported.
You can dig through walls and to a lower floor.
You have a pair of large antennae on your head. (SInv)
Your four strong arms can wield two-handed weapons with a shield.


Message History

You become entangled in the net!
There is a stone staircase leading down here.
You see here a throwing net.
You struggle against the net.
The gnoll hits you from afar with a +0 halberd.
You struggle against the net.
The gnoll hits you from afar with a +0 halberd.
The gnoll hits you but does no damage.
You shred the net and break free!
The gnoll hits you from afar with a +0 halberd!
The gnoll throws a throwing net.
The throwing net hits you.
You become entangled in the net!
You struggle against the net.
The gnoll hits you from afar with a +0 halberd.
The gnoll hits you from afar with a +0 spear.
* * * LOW HITPOINT WARNING * * *
You feel better.
The gnoll hits you from afar with a +0 halberd!
* * * LOW HITPOINT WARNING * * *
The gnoll hits you from afar with a +0 spear.
* * * LOW HITPOINT WARNING * * *
You are confused.
You feel invigorated.
The gnoll hits you but does no damage. x2
You feel very mighty all of a sudden.
The gnoll hits you from afar with a +0 halberd.
* * * LOW HITPOINT WARNING * * *
The gnoll hits you but does no damage.
You struggle against the net.
The gnoll barely misses you.
The gnoll hits you from afar with a +0 spear.
* * * LOW HITPOINT WARNING * * *
You struggle against the net.
The gnoll hits you from afar with a +0 halberd.
* * * LOW HITPOINT WARNING * * *
The gnoll hits you from afar with a +0 spear.
* * * LOW HITPOINT WARNING * * *
You rip the net and break free!
The gnoll hits you from afar with a +0 halberd.
* * * LOW HITPOINT WARNING * * *
The gnoll hits you from afar with a +0 spear.
You die...

. #. ..#. ## [..$.
... ...### ##....
...###gg.... ##.
#.#@.g#g #.. #...###
#.# #..## #####.###
#...####.
........###.#......#
#####.#..##....#####
#.##.#...#.##
##.#.........#
##....##..###..#


You could see 3 gnolls.

Vanquished Creatures
  2 ball pythons (D:1)
  2 bats (D:1)
  2 giant cockroaches
  4 goblins
  2 hobgoblins
  3 jackals (D:1)
  2 quokkas (D:1)
  2 frilled lizards (D:1)
  A kobold (D:1)
  A rat (D:1)
21 creatures vanquished.

Notes
Turn   | Place    | Note
-------+----------+-------------------------------------------
     0 | D:1      | lonewolfV2 the Formicid Fighter began the quest for the
                  | Orb.
     0 | D:1      | Reached XP level 1. HP: 18/18 MP: 1/1
    16 | D:1      | You fall into a shaft and drop 1 floor!
   202 | D:1      | Reached XP level 2. HP: 24/24 MP: 2/2
   612 | D:1      | Reached XP level 3. HP: 30/30 MP: 3/3
  1118 | D:2      | HP: 1/30 [gnoll/+0 spear (4)]
  1123 | D:2      | Slain by a gnoll

Illustrated notes

Levels and vault maps discovered:
D:1:      elethiomel_arrival_maze, layout_basic
D:2:      layout_rooms

Skill      XL: |  1  2  3 |
---------------+----------+-----
Fighting       | 4 |  4.0
Armour         | 4 |  4.0
Axes           | |  2.0
Shields        | |  4.0

Action                     || total
---------------------------++-------
  Melee: War axe           ||    71
    Use: Scroll            ||     7
         Potion            ||     3
 Armour: Scale mail        ||    60
  Dodge: Dodged            ||    65
  Block: Buckler           ||    24
